 Dungeon Crawl Stone Soup version 0.26-a0-712-ga5a9c9c9d0 (webtiles) character file.

Game seed: 8731484651996177334

6762 GordonOverkill the Frost Mage (level 10, -19/55 HPs)
             Began as a Spriggan Ice Elementalist on Oct 31, 2020.
             Was a Believer of Vehumet.
             Killed from afar by an efreet (32 damage)
             ... with a bolt of fire
             ... on level 9 of the Dungeon.
             The game lasted 00:40:00 (14500 turns).

GordonOverkill the Frost Mage (SpIE)               Turns: 14500, Time: 00:40:01

Health: -19/55     AC:  7    Str:  4    XL:     10   Next: 75%
Magic:  15/21      EV: 19    Int: 20    God:    Vehumet [**....]
Gold:   112        SH:  0    Dex: 22    Spells: 11/23 levels left

rFire    . . .     SeeInvis +   C - +5 flail of the Puffball {vorpal, rN+ Dex+5}
rCold    . . .     Faith    .   (shield restricted)
rNeg     + . .     Spirit   .   v - +1 robe {MR+}
rPois    +         Reflect  .   x - +2 hat
rElec    .         Harm     .   c - +1 cloak {rPois}
rCorr    .         Rampage  .   (gloves unavailable)
MR       ++...                  (boots unavailable)
Stlth    +++.......             (no amulet)
HPRegen  0.18/turn              (no ring)
MPRegen  0.17/turn              (no ring)

@: frozen ramparts, very quick
A: very small, unfitting armour, see invisible, speed 3
a: Renounce Religion


You were on level 9 of the Dungeon.
You worshipped Vehumet.
Vehumet was pleased with you.
You visited 1 branch of the dungeon, and saw 9 of its levels.

You collected 556 gold pieces.
You spent 444 gold pieces at shops.

Inventory:

Hand Weapons
 C - the +5 flail of the Puffball (weapon) {vorpal, rN+ Dex+5}
   (You found it on level 6 of the Dungeon)

   It inflicts extra damage upon your enemies.
   It affects your dexterity (+5).
   It protects you from negative energy.
Missiles
 l - 4 curare-tipped darts (quivered)
 q - a throwing net
Armour
 c - a +1 cloak of poison resistance (worn)
 v - a +1 robe of magic resistance (worn)
 x - a +2 hat (worn)
Wands
 e - a wand of random effects (26)
 h - a wand of polymorph (8)
 o - a wand of digging (2)
 p - a wand of iceblast (1)
 B - a wand of enslavement (7)
Scrolls
 a - 2 scrolls of enchant weapon
 b - 6 scrolls of remove curse
 g - a scroll of magic mapping
 i - a scroll of fog
 r - 2 scrolls of fear
 s - a scroll of amnesia
 t - a scroll of brand weapon
 y - 3 scrolls of blinking
 z - 2 scrolls of immolation
 A - 5 scrolls of teleportation
Potions
 d - 2 potions of resistance
 f - a potion of heal wounds
 j - a potion of magic
 k - a potion of brilliance
 m - 2 potions of curing
 n - 3 potions of stabbing
 u - a potion of cancellation
 w - a potion of haste
 D - 2 potions of might
 E - a potion of invisibility


   Skills:
 + Level 7.0 Fighting
 + Level 3.1 Dodging
 - Level 3.0 Stealth
 + Level 7.0 Spellcasting
 - Level 3.0 Conjurations
 - Level 3.0 Summonings
 + Level 10.0 Ice Magic
 - Level 5.0 Evocations


You had 11 spell levels left.
You knew the following spells:

 Your Spells              Type           Power        Failure   Level
a - Freeze                Ice            ####         1%          1
b - Frozen Ramparts       Ice            #####.       1%          3
c - Hailstorm             Conj/Ice       ####....     6%          4
d - Summon Ice Beast      Ice/Summ       ####....     6%          4

Your spell library contained the following spells:

 Spells                   Type           Power        Failure   Level
 Searing Ray              Conj           ###...       4%          2
 Ozocubu's Armour         Ice            #####...     1%          3
 Summon Small Mammal      Summ           ###.         2%          1
 Animate Skeleton         Necr           #.....       10%         1
 Apportation              Tloc           #.....       10%         1
 Corona                   Hex            #......      10%         1
 Iskenderun's Battlesphe  Conj           ###.....     58%         5
 Bolt of Magma            Conj/Fire/Erth ##........   86%         5
 Iron Shot                Conj/Erth      ##........   100%        6
 Orb of Destruction       Conj           ###.......   100%        7
 Spellforged Servitor     Conj/Summ      ###.......   100%        7


Dungeon Overview and Level Annotations

Branches:
Dungeon (9/15)             Temple (0/1) D:6            Lair (0/6) D:8
    Orc: D:9-12

Altars:
Ashenzari
Cheibriados
Dithmenos
Elyvilon
Fedhas
Makhleb
Nemelex Xobeh
Okawaru
Qazlal
Sif Muna
Trog
Uskayaw
Vehumet
Wu Jian
Xom

Shops:
D:5 !(   D:6 :   D:7 !   D:8 **}!

Annotations:
D:6 2 transporters


Innate Abilities, Weirdness & Mutations

You are very small and have problems with some larger weapons.
You are too small for most types of armour.
You have supernaturally acute eyesight. (SInv)
You cover ground extremely quickly.


Message History

Casting: Freeze (safe; 1% risk of failure)
Confirm with . or Enter, or press ? or * to list all spells.
The walls around you are covered in ice.
The efreet is frozen!
The wall freezes the efreet!
The efreet gestures at you.
The fireball explodes!
The fireball engulfs you!!
Ouch! That really hurt!
The fireball engulfs the orc!!
The orc dies!
You hear an angry hiss.
The efreet is frozen!
The wall freezes the efreet.
The efreet gestures at you.
The fireball explodes!
The fireball engulfs you!
* * * LOW HITPOINT WARNING * * *
An adder comes into view.
The efreet is frozen!
The wall freezes the efreet.
The efreet gestures at you. The bolt of fire hits you!!
Ouch! That really hurt!
You die...

#.....#.#.# #.
#°#..)..#(#.# #.
#.R.○....[#.# #[ ###
##.#########☼#####.##
#. ...
......S....R........#
#. ..#
##.##..###.#####...###
#. ..# #.........#.#
#.......####.
.<#####.#######...#
#......)..... .....#
#.@## #.......#####
#.##.# # #..#
#(#...### #.##.##.#
#..# ##.#..(#
#.##..†.#
#..###.#>#.##
....##### #..##.###..#
###.###########..#.##
##.## #
#..........##...##
##.#
###.########.###.#.##
##.## ....#
#.###.##.###.##


You could see an efreet and an adder.

Vanquished Creatures
  A boulder beetle (D:9)
  Erica (D:8)
  Pikel (D:5)
  A manticore (D:9)
  A yaktaur (D:9)
  A komodo dragon (D:8)
  Grinder (D:5)
  Eustachio (D:6)
  Grum (D:8)
  Menkaure (D:5)
  An acid dragon (D:9)
  3 nameless horrors (D:6)
  A phantom (D:5)
  An orc warrior (D:6)
  An ice beast (D:6)
  An ogre (D:8)
  2 wolves (D:8)
  4 centaurs
  A lemure (D:5)
  A big kobold (D:8)
  7 bullfrogs
  2 gnoll sergeants (D:8)
  3 scorpions
  5 killer bees (D:7)
  7 wights
  2 centaur zombies (D:8)
  A jelly (D:9)
  8 hounds
  7 orc wizards
  2 bullfrog skeletons
  5 orc priests
  A gnoll shaman (D:8)
  3 iguanas
  Terence (D:2)
  8 worker ants
  2 hound zombies
  A worker ant zombie (D:3)
  10 gnolls
  11 adders
  5 shadow imps
  A white imp (D:5)
  An ufetubus (D:5)
  3 oozes
  An adder skeleton (D:4)
  3 worms
  3 dart slugs
  4 leopard geckos
  17 orcs
  A ball python (D:1)
  2 giant cockroaches (D:3)
  4 goblins
  6 hobgoblins
  7 jackals
  2 quokkas
  8 bats (D:1)
  2 frilled lizards
  10 kobolds
  2 leopard gecko skeletons
  7 rats
201 creatures vanquished.

Vanquished Creatures (collateral kills)
  2 ice beasts (D:6)
  A wight (D:9)
3 creatures vanquished.

Vanquished Creatures (others)
  An adder skeleton (D:7)
  An orc (D:9)
  A leopard gecko skeleton (D:9)
  9 plants (D:8)
12 creatures vanquished.

Grand Total: 216 creatures vanquished

Notes
Turn   | Place    | Note
-------+----------+-------------------------------------------
     0 | D:1      | GordonOverkill the Spriggan Ice Elementalist began the
                  | quest for the Orb.
     0 | D:1      | Reached XP level 1. HP: 9/9 MP: 5/5
   252 | D:1      | Reached XP level 2. HP: 6/14 MP: 3/6
  1000 | D:1      | Reached XP level 3. HP: 17/17 MP: 6/8
  1022 | D:1      | Learned a level 3 spell: Frozen Ramparts
  1278 | D:2      | Noticed Terence
  1284 | D:2      | Found a broken altar of Ashenzari.
  1302 | D:2      | Killed Terence
  1302 | D:2      | Reached skill level 1 in Fighting
  1553 | D:2      | Reached skill level 4 in Ice Magic
  1733 | D:2      | Reached XP level 4. HP: 22/22 MP: 6/10
  2393 | D:3      | Reached XP level 5. HP: 26/26 MP: 7/12
  2635 | D:3      | Found a snail-covered altar of Cheibriados.
  3965 | D:4      | Reached XP level 6. HP: 30/30 MP: 6/13
  4032 | D:4      | Learned a level 4 spell: Hailstorm
  4078 | D:4      | Reached skill level 5 in Ice Magic
  4123 | D:4      | Found a sparkling altar of Nemelex Xobeh.
  4690 | D:4      | Reached skill level 5 in Spellcasting
  4904 | D:5      | Entered Level 5 of the Dungeon
  4953 | D:5      | Found a stormy altar of Qazlal.
  4954 | D:5      | Noticed an air elemental
  4955 | D:5      | Noticed a water elemental
  4955 | D:5      | Noticed a fire elemental
  4974 | D:5      | Noticed Grinder
  5013 | D:5      | Found Ocisirudgh's Weapon Shoppe.
  5018 | D:5      | Noticed Menkaure
  5137 | D:5      | Found Lapib's Distillery.
  5146 | D:5      | Bought a potion of resistance for 130 gold pieces
  5319 | D:5      | Noticed Pikel
  5340 | D:5      | Killed Pikel
  5340 | D:5      | Reached skill level 6 in Ice Magic
  5340 | D:5      | Reached XP level 7. HP: 37/37 MP: 4/15
  5708 | D:5      | Found a radiant altar of Vehumet.
  5804 | D:5      | Became a worshipper of Vehumet
  6355 | D:6      | Got an ivory flail
  6356 | D:6      | Identified the +5 flail of the Puffball {vorpal, rN+ Dex+5}
                  | (You found it on level 6 of the Dungeon)
  6377 | D:6      | Reached skill level 1 in Evocations
  6377 | D:6      | Reached XP level 8. HP: 42/42 MP: 10/16
  6634 | D:6      | Found a transporter.
  6639 | D:6      | Found a shimmering blue altar of Sif Muna.
  6640 | D:6      | Noticed a seven-headed hydra
  6666 | D:6      | Found a transporter.
  6817 | D:6      | Learned a level 4 spell: Summon Ice Beast
  6828 | D:6      | Reached skill level 7 in Ice Magic
  7065 | D:6      | Found Voumump's Book Emporium.
  7138 | D:6      | Noticed a nameless horror
  7150 | D:6      | Noticed a nameless horror
  7314 | D:5      | Killed Grinder
  7743 | D:5      | Killed Menkaure
  7947 | D:6      | Found a staircase to the Ecumenical Temple.
  8223 | D:6      | Noticed Eustachio
  8335 | D:6      | Found a sparkling altar of Nemelex Xobeh.
  8370 | D:6      | Killed Eustachio
  8446 | D:6      | Found a shadowy altar of Dithmenos.
  8595 | D:6      | Killed a nameless horror
  8620 | D:6      | Reached skill level 8 in Ice Magic
  8625 | D:6      | Killed a nameless horror
  8846 | D:6      | Found a transporter.
  8850 | D:6      | Found a transporter.
  8861 | D:6      | Found a shimmering blue altar of Sif Muna.
  8876 | D:6      | Reached XP level 9. HP: 32/46 MP: 10/17
  9021 | D:6      | Reached skill level 5 in Fighting
  9282 | D:6      | Found Voumump's Book Emporium.
  9350 | D:6      | Found a staircase to the Ecumenical Temple.
  9427 | D:6      | Found a shadowy altar of Dithmenos.
  9535 | D:6      | Found a sparkling altar of Nemelex Xobeh.
 10013 | D:6      | Reached skill level 5 in Evocations
 10587 | D:7      | Found Rydan's Distillery.
 10709 | D:7      | Reached * piety under Vehumet
 10709 | D:7      | Offered knowledge of Magic Dart by Vehumet.
 10770 | D:7      | Found a hide-covered altar of Uskayaw.
 10794 | D:7      | Reached skill level 9 in Ice Magic
 10969 | D:7      | Bought a potion of invisibility for 104 gold pieces
 11077 | D:7      | Found a shimmering altar of Xom.
 11079 | D:7      | Found a burning altar of Makhleb.
 11079 | D:7      | Found a burning altar of Makhleb.
 11081 | D:7      | Found a bloodstained altar of Trog.
 11081 | D:7      | Found a white marble altar of Elyvilon.
 11081 | D:7      | Found a broken altar of Ashenzari.
 11705 | D:8      | Found an iron altar of Okawaru.
 11734 | D:8      | Found a staircase to the Lair.
 11735 | D:8      | Noticed a komodo dragon
 11776 | D:8      | Killed a komodo dragon
 11776 | D:8      | Reached skill level 10 in Ice Magic
 11854 | D:8      | Found Zuitae Luho's General Store.
 11961 | D:8      | Found Recegepn's Assorted Antiques.
 11969 | D:8      | Bought a glowing cloak for 210 gold pieces
 11991 | D:8      | Reached skill level 1 in Summonings
 11992 | D:8      | Noticed Erica
 12003 | D:8      | Killed Erica
 12003 | D:8      | Reached skill level 1 in Conjurations
 12003 | D:8      | Reached XP level 10. HP: 40/51 MP: 5/19
 12165 | D:8      | Found Zioseige's Distillery.
 12167 | D:8      | Found Edoucau's Gadget Emporium.
 12492 | D:8      | Noticed Grum
 12498 | D:8      | Killed Grum
 12763 | D:8      | Found a blossoming altar of Fedhas.
 12816 | D:8      | Reached ** piety under Vehumet
 12816 | D:8      | Offered knowledge of Searing Ray by Vehumet.
 13028 | D:8      | Found an ornate altar of the Wu Jian Council.
 13313 | D:9      | Noticed a cyclops
 13316 | D:9      | Noticed a boulder beetle
 13406 | D:9      | Found a bloodstained altar of Trog.
 13811 | D:9      | a cyclops changed into a yaktaur
 14005 | D:9      | Killed a boulder beetle
 14039 | D:9      | Noticed a manticore
 14286 | D:9      | Killed a manticore
 14500 | D:9      | Killed from afar by an efreet

Illustrated notes

Levels and vault maps discovered:
D:1:      dpeg_arrival_refuge, layout_loops_ring
D:2:      layout_basic, nicolae_ashenzari_panopticon, nrook_mini_vaults,
          uniq_terence
D:3:      layout_loops_ring, cheibriados_altar_1, serial_undead,
          serial_undead_b, serial_undead_d, serial_undead_b, serial_undead_e,
          ebering_dispersal_statue_hall
D:4:      layout_loops_ring, marbit_many_paths
D:5:      layout_basic, lemuel_coloured_pillars_altar,
          nicolae_qazlal_style_of_elements, serial_shops, nicolae_shop_crystal,
          nicolae_shop_statue_plus, uniq_menkaure, uniq_grinder, uniq_pikel
D:6:      layout_loops_corners, lemuel_crystal_altar,
          gammafunk_temple_overflow_arena, minmay_temple_entry_junction,
          serial_shops, nicolae_shop_waterfront, nemelex_spade_bored_becter,
          uniq_eustachio
D:7:      layout_rooms, doesnt_xom_only_xom, lemuel_doored_altar, serial_shops,
          shop, minivault_5, lemuel_flamethrower_1
D:8:      layout_cave_pools, kennysheep_mini_moat,
          nicolae_overflow_crystal_walls, kennysheep_little_box,
          david_lair_shrubbed, serial_shops, nicolae_shop_waterfront,
          nicolae_shop_window_shopping, shop, nicolae_shop_overgrown_old_shop,
          serial_gnoll_camp, gnoll_camp_mini_hut, grums_kennel,
          gnoll_camp_mini_hut, gnoll_camp_mini_house, uniq_erica
D:9:      minmay_the_grid_4x2 [minmay_the_grid_large_cup,
          minmay_the_grid_diamond_grid, minmay_the_grid_expand,
          minmay_the_grid_mess, minmay_the_grid_outer_diamond,
          minmay_the_grid_dragon_a, minmay_the_grid_pillar_ring,
          minmay_the_grid_prize_big_room], layout_loops_ring,
          lemuel_crystal_altar, nrook_pool_corridor, minmay_shop_mass

Skill      XL: |  1  2  3  4  5  6  7  8  9 10 |
---------------+-------------------------------+-----
Spellcasting   | 3 4 5 7 |  7.0
Fighting       | 1 2 3 4 5 7 |  7.0
Ice Magic      | 4 6 8 10 | 10.0
Evocations     | 1 4 5 |  5.0
Summonings     | 1 3 |  3.0
Conjurations   | 1 3 |  3.0
Dodging        | |  3.1
Stealth        | |  3.0

Action                   |  1- 3 |  4- 6 |  7- 9 | 10-12 || total
-------------------------+-------+-------+-------+-------++-------
Melee: Dagger            |       |    85 |       |       ||    85
       Whip              |       |       |     9 |       ||     9
       Flail             |       |       |    56 |    12 ||    68
Throw: Dart              |       |       |     1 |       ||     1
 Cast: Freeze            |    51 |    59 |    99 |    41 ||   250
       Frozen Ramparts   |     4 |    29 |    35 |    25 ||    93
       Summon Ice Beast  |       |       |    18 |    13 ||    31
       Hailstorm         |       |       |     8 |     6 ||    14
Evoke: Wand              |       |       |     8 |    16 ||    24
  Use: Scroll            |       |     9 |     9 |     3 ||    21
       Potion            |       |     3 |     1 |     1 ||     5
 Stab: Sleeping          |       |     4 |     1 |       ||     5
       Distracted        |       |       |     1 |     1 ||     2
Armor: Robe              |     1 |    14 |    15 |     9 ||    39
Dodge: Dodged            |    33 |   112 |   152 |    56 ||   353

Table legend: (Time is in decaauts)
 A = Elapsed time spent in this place.
 B = Non-inter-level travel time spent in this place.
 C = Inter-level travel time spent in this place.
 D = Time resting spent in this place.
 E = Time spent auto-exploring this place.
 F = Levels seen in this place.
 G = Mean time per level.
                   A        B        C        D        E       F      G
               +--------+--------+--------+--------+--------+-----+--------+
         Total |  11787 |  11442 |    345 |   6249 |   3262 |   9 | 1309.7 |
       Dungeon |  11787 |  11442 |    345 |   6249 |   3262 |   9 | 1309.7 |
               +--------+--------+--------+--------+--------+-----+--------+

Top non-repeatable levels by time:
     D:6: 2379 daAuts
     D:8: 1898 daAuts
     D:5: 1746 daAuts
     D:3: 1353 daAuts
     D:7: 1035 daAuts
     D:1: 1004 daAuts
     D:4: 882 daAuts
     D:9: 771 daAuts
     D:2: 714 daAuts
